 Dungeon Crawl Stone Soup version 0.26-a0-58-g79b31b8 (webtiles) character file.

Game seed: 9777472234582941637

35 vertexvortex the Sneak (level 3, 0/26 HPs)
             Began as a Merfolk Enchanter on June 8, 2020.
             Succumbed to an adder's poison
             ... on level 2 of the Dungeon.
             The game lasted 00:05:31 (1112 turns).

vertexvortex the Sneak (Merfolk Enchanter)          Turns: 1112, Time: 00:05:32

Health: 0/26       AC:  2    Str:  8    XL:     3   Next: 33%
Magic:  4/6        EV: 13    Int: 14    God:
Gold:   63         SH:  0    Dex: 15    Spells: 3/6 levels left

rFire    + . .     SeeInvis .   a - +1 dagger
rCold    + . .     Gourm    .   (no shield)
rNeg     . . .     Faith    .   b - +0 robe
rPois    +         Spirit   .   (no helmet)
rElec    +         Reflect  .   (no cloak)
rCorr    +         Harm     .   (no gloves)
MR       .....                  (no boots)
Stlth    +++.......             (no amulet)
HPRegen  0.08/turn              (no ring)
MPRegen  0.10/turn              (no ring)

@: lethally poisoned (0 -> -6), resistant
A: change form in water, swift swim, stealthy swim
a: no special abilities


You were on level 2 of the Dungeon.
You were not hungry.

You visited 1 branch of the dungeon, and saw 2 of its levels.

You collected 63 gold pieces.

Inventory:

Hand Weapons
 a - a +1 dagger (weapon)
Missiles
 m - 12 poisoned darts (quivered)
Armour
 b - a +0 robe (worn)
 e - a +0 helmet
 k - a +0 helmet
Scrolls
 c - 4 scrolls of identify
 g - 2 scrolls of remove curse {unknown}
 h - a scroll of magic mapping {unknown}
 j - 2 scrolls of enchant weapon {unknown}
 n - a scroll of fog {unknown}
Comestibles
 d - 5 rations


   Skills:
 * Level 1.0 Fighting
 + Level 1.8 Short Blades
 - Level 2.6 Dodging
 + Level 4.5 Stealth
 - Level 2.0 Spellcasting
 - Level 3.0 Hexes


You had 3 spell levels left.
You knew the following spells:

 Your Spells              Type           Power        Failure   Level  Hunger
a - Corona                Hex            #......      7%          1    ##.....
b - Ensorcelled Hibernat  Hex/Ice        #.....       19%         2    ###....

Your spell library contained the following spells:

 Spells                   Type           Power        Failure   Level  Hunger
 Confusing Touch          Hex            #.......     21%         3    ####...
 Tukima's Dance           Hex            #.......     21%         3    ####...
 Dazzling Flash           Conj/Hex       #.....       36%         3    ####...


Dungeon Overview and Level Annotations

Branches:
Dungeon (2/15)

Altars:


Message History

Press: ? - help, Shift-Dir - straight line, f - adder
Aim: an adder (chance to defeat MR: 52%)
The adder is outlined in light.
The adder bites you.
* * * LOW HITPOINT WARNING * * *
You are poisoned.
The adder poisons you! The adder barely misses you.
It was a potion of cancellation.
You feel magically purged.
You feel sick. The adder bites you.
* * * LOW HITPOINT WARNING * * *
You are more poisoned.
The adder poisons you!
You completely miss the adder. The adder misses you.
It was a potion of resistance.
You feel protected.
* * * LOW HITPOINT WARNING * * *
You feel sick. The adder misses you.
As you read the scroll labeled ADWUNE SONU, it crumbles to dust.
It is a scroll of identify.
e - a +0 helmet You die...

#...... ## ##...... #.
#....... #.
######....... ..
##..).....(... #.
#..######..... ##. ##.##
##....
..###..###..##########.#
.......@S......(........
##.##.####.##.....>..#..
##... #.##........#..
.....# #.##........#..
##.... ##.##........#>.
##...###..##..........#
#.......###........#..
...#...### #........###
#.#..# #........# #


You could see an adder (corona).

Vanquished Creatures
  An ooze (D:1)
  A worm (D:2)
  A dart slug (D:1)
  A leopard gecko (D:2)
  An orc (D:2)
  A giant cockroach (D:2)
  4 hobgoblins
  A kobold (D:1)
  7 bats
  3 frilled lizards
  3 rats (D:1)
24 creatures vanquished.

Notes
Turn   | Place    | Note
-------+----------+-------------------------------------------
     0 | D:1      | vertexvortex the Merfolk Enchanter began the quest for the
                  | Orb.
     0 | D:1      | Reached XP level 1. HP: 13/13 MP: 3/3
   114 | D:1      | Reached XP level 2. HP: 19/19 MP: 5/5
   119 | D:1      | Learned a level 2 spell: Ensorcelled Hibernation
   168 | D:1      | Reached skill level 4 in Stealth
   612 | D:2      | Reached XP level 3. HP: 25/25 MP: 6/6
  1096 | D:2      | Reached skill level 1 in Fighting
  1111 | D:2      | HP: 1/26 [poisoned by an adder]
  1112 | D:2      | Succumbed to an adder's poison

Illustrated notes

Levels and vault maps discovered:
D:1:      dpeg_arrival_tiny_a, layout_rooms
D:2:      layout_rooms, first_ration

Skill      XL: |  1  2  3 |
---------------+----------+-----
Stealth        | 4 |  4.5
Fighting       | 1 |  1.0
Short Blades   | |  1.8
Dodging        | |  2.6
Spellcasting   | |  2.0
Hexes          | |  3.0

Action                   || total
-------------------------++-------
Melee: Dagger            ||    85
Throw: Dart              ||    26
 Cast: Corona            ||    15
  Use: Potion            ||     2
       Scroll            ||     1
 Stab: Sleeping          ||     8
  Eat: Chunk             ||     1
Armor: Robe              ||    21
Dodge: Dodged            ||    59

Table legend:
 A = Non-vault XP
 B = Vault XP
 C = Vault XP percentage of total XP
 D = Non-vault monster count
 E = Vault monster count
 F = Vault count percentage of total count
                 A         B        C        D         E       F
            +---------+---------+-------+---------+---------+-------
      Total |      50 |       0 |   0.0 |      24 |       0 |   0.0
            +---------+---------+-------+---------+---------+-------
        D:1 |      31 |       0 |   0.0 |      16 |       0 |   0.0
        D:2 |      19 |       0 |   0.0 |       8 |       0 |   0.0
            +---------+---------+-------+---------+---------+-------
